 Dungeon Crawl Stone Soup version 0.31.0-9-g3a7656b989 (webtiles) character file.

Game seed: 17784754553423095812

5469 Peloso the Carver (level 10, -5/90 HPs)
             Began as a Minotaur Fighter on Jan 29, 2024.
             Was a Believer of Okawaru.
             Slain by a yak (9 damage)
             ... on level 9 of the Dungeon.
             The game lasted 00:17:59 (10715 turns).

Peloso the Carver (Minotaur Fighter)               Turns: 10715, Time: 00:17:59

Health: -5/90      AC: 11    Str: 20    XL:     10   Next: 41%
Magic:  8/9        EV:  9    Int:  9    God:    Okawaru [**....]
Gold:   67         SH: 19    Dex: 17    Spells: 9/9 levels left

rFire   . . .        a - +0 long sword
rCold   + . .        d - +2 kite shield of Vyjarai {rC+ Int+4 Dex+2}
rNeg    . . .        c - +0 chain mail
rPois   .            (helmet restricted)
rElec   .            (no cloak)
rCorr   .            (no gloves)
SInv    .            (no boots)
Will    .....        l - amulet of reflection Stlth
                     (no ring)
HPRegen 0.35/turn    (no ring)
MPRegen 0.11/turn

%: reflection
@: no status effects
A: horns 2, retaliatory headbutt
a: Renounce Religion, Heroism


You were on level 9 of the Dungeon.
You worshipped Okawaru.
Okawaru was pleased with you.
You visited 2 branches of the dungeon, and saw 11 of its levels.

You collected 487 gold pieces.
You spent 420 gold pieces at shops.

Inventory:

Hand Weapons
 a - a +0 long sword (weapon)
 b - a +0 falchion of flaming
Missiles
 D - a throwing net (quivered)
Armour
 c - a +0 chain mail (worn)
 d - the +2 kite shield of Vyjarai (worn) {rC+ Int+4 Dex+2}
   (You bought it in a shop on level 1 of the Dungeon)

   Int+4:     It affects your intelligence (+4).
   Dex+2:     It affects your dexterity (+2).
   rC+:       It protects you from cold.
Jewellery
 l - an amulet of reflection (around neck)
 p - a ring of see invisible
 v - an amulet of faith
 w - an amulet of the acrobat
 F - a ring of magical power
Wands
 y - a wand of flame (41)
 E - a wand of iceblast (5)
Scrolls
 e - a scroll of enchant armour {unknown}
 f - a scroll of fear {unknown}
 g - 3 scrolls of vulnerability {unknown}
 h - 4 scrolls of amnesia
 j - a scroll of enchant weapon {unknown}
 k - 2 scrolls of immolation {unknown}
 m - 2 scrolls of brand weapon {unknown}
 o - 4 scrolls of blinking {unknown}
 q - 2 scrolls of teleportation {unknown}
 s - a scroll of butterflies {unknown}
 u - a scroll of acquirement {unknown}
 A - 2 scrolls of revelation
 C - 3 scrolls of identify
Potions
 i - 2 potions of heal wounds
 n - a potion of magic
 r - 2 potions of might
 t - 4 potions of curing
 x - 3 potions of brilliance {unknown}
 z - 2 potions of haste
 B - 2 potions of lignification {unknown}


   Skills:
 + Level 8.4 Fighting
 + Level 10.4 Long Blades
 + Level 9.9 Armour
 + Level 4.0 Dodging
 + Level 0.6 Stealth
 + Level 9.8 Shields


You had 9 spell levels left.
You didn't know any spells.
Your spell library contained the following spells:

 Spells                   Type           Power      Damage    Failure   Level
 Shock                    Conj/Air       0%         1d3       99%         1
 Jinxbite                 Hex            0%         N/A       100%        2
 Ozocubu's Armour         Ice            0%         N/A       100%        3
 Swiftness                Air            0%         N/A       100%        3
 Airstrike                Air            0%         2d(0-16)  100%        4
 Manifold Assault         Tloc           0%         N/A       100%        4
 Alistair's Intoxication  Alch           0%         N/A       100%        5
 Borgnjor's Vile Clutch   Necr/Erth      0%         N/A       100%        5
 Metabolic Englaciation   Hex/Ice        0%         N/A       100%        5
 Yara's Violent Unravell  Hex/Alch       0%         3d3       100%        5
 Dispersal                Tloc           0%         N/A       100%        6
 Eringya's Noxious Bog    Alch           0%         4d6       100%        6
 Enfeeble                 Hex            0%         N/A       100%        7
 Disjunction              Tloc           0%         N/A       100%        8
 Sculpt Simulacrum        Ice/Alch       Unusable   N/A       N/A         6

Dungeon Overview and Level Annotations

Branches:
Dungeon (10/15)            Temple (1/1) D:4            Lair (0/5) D:8
    Orc: D:9-12

Altars:
Ashenzari
Cheibriados
Dithmenos
Elyvilon
Gozag
Hepliaklqana
Makhleb
Nemelex Xobeh
Okawaru
Qazlal
Ru
Sif Muna
Trog
Uskayaw
Vehumet
Wu Jian
Xom
Yredelemnul
The Shining One

Shops:
D:1 *:?[   D:2 =   D:3 *   D:9 =:?

Annotations:
D:4 3 runed translucent doors, lilalause's ghost, amateur SpMo
D:9 Dig


Innate Abilities, Weirdness & Mutations

You have a pair of horns on your head.
You reflexively headbutt those who attack you in melee.


Message History

You hit the orc knight.
The orc knight is heavily wounded.
The yak closely misses you. You block the orc knight's attack.
You hit the orc knight but do no damage.
You headbutt the orc knight!
The orc knight is severely wounded.
You block the yak's attack.
You completely miss the orc knight.
The orc knight is severely wounded.
The orc knight hits you with a +2 heavy great mace!!
You barely miss the orc knight.
The orc knight is severely wounded.
You feel like a meek peon again. You block the yak's attack.
You slash the orc knight!
The orc knight is almost dead.
The yak gores you but does no damage. You block the orc knight's attack.
You barely miss the orc knight. Your headbutt misses the orc knight.
The orc knight is almost dead.
You block the yak's attack.
You hit the orc knight.
The orc knight is almost dead.
You block the orc knight's attack. The yak gores you!
You closely miss the orc knight.
The orc knight is almost dead.
The yak barely misses you.
The orc knight hits you with a +2 heavy great mace.
* * * LOW HITPOINT WARNING * * *
You hit the orc knight.
The orc knight is almost dead.
You block the yak's attack.
You hit the orc knight.
The orc knight is almost dead.
The orc knight hits you with a +2 heavy great mace!!
* * * LOW HITPOINT WARNING * * *
You block the yak's attack.
You hit the orc knight.
The orc knight is almost dead.
The yak gores you!
You die...

#...................##..##.....#
#......###....................##
#......###......................
###.#....#.....................#
#.##.#.#.....................#
#.##.#.#..........#####......#
#.##.#............#####......#
#.#..................##...<...
#...........o@Y..###..........
###.##>............∩.....#.###..
#...###............###..........
##.#.# ##...........# #..........
#..#.####...........###..........
........##........<..#...........
.##..##.......#............>.....
..........#.####.##....#.........
#########.#.####..#..#)#.........


You could see an orc knight and a yak.

Vanquished Creatures
  An ugly thing (D:9)
  A troll (D:9)
  A wyvern (D:9)
  A wraith (D:8)
  A steam dragon (D:9)
  Edmund (D:4)
  A water moccasin (D:8)
  A black bear (D:8)
  An ice beast (D:8)
  2 sky beasts (D:7)
  3 orc warriors
  5 ogres
  2 wolves (D:8)
  A centaur (D:9)
  5 phantoms
  A kobold brigand (D:7)
  A bullfrog (D:8)
  2 gnoll sergeants
  A scorpion (D:7)
  14 wights
  3 killer bees
  3 howler monkeys
  4 bombardier beetles
  A jelly (D:5)
  3 hounds
  10 orc priests
  2 iguanas (D:5)
  11 orc wizards
  8 gnolls
  8 adders
  A shadow imp (D:8)
  4 white imps
  2 ufetubi (D:5)
  5 dart slugs
  A ribbon worm (D:3)
  45 orcs
  7 ball pythons
  6 endoplasms
  8 giant cockroaches
  A goblin (D:3)
  3 hobgoblins
  3 jackals
  11 kobolds
  5 quokkas
  5 bats
  5 rats
211 creatures vanquished.

Vanquished Creatures (others)
  2 bombardier beetles
  A kobold (D:7)
3 creatures vanquished.

Grand Total: 214 creatures vanquished

Notes
Turn   | Place    | Note
-------+----------+-------------------------------------------
     0 | D:1      | Peloso the Minotaur Fighter began the quest for the Orb.
     0 | D:1      | Reached XP level 1. HP: 19/19 MP: 0/0
   357 | D:1      | Reached XP level 2. HP: 26/27 MP: 1/1
   457 | D:1      | Found Byrirr Lymmu's Magic Scroll Shoppe.
   496 | D:1      | Found Xeise's Antique Armour Shop.
   682 | D:1      | Found Efiveefuz's Book Shop.
   845 | D:1      | Found Vugioquu's General Store.
   970 | D:2      | Reached XP level 3. HP: 33/33 MP: 2/2
  1034 | D:2      | Found Riuhifang's Jewellery Boutique.
  1306 | D:2      | Reached skill level 1 in Dodging
  1354 | D:2      | Reached skill level 3 in Long Blades
  1813 | D:3      | Reached XP level 4. HP: 40/40 MP: 3/3
  1840 | D:3      | Found Usyam's Assorted Antiques.
  1889 | D:3      | Bought a scroll labelled HUPSOP TIFI for 31 gold pieces
  1889 | D:3      | Bought a scroll labelled HUPSOP TIFI for 31 gold pieces
  1969 | D:3      | Found a faded altar of an unknown god.
  2327 | D:3      | Reached XP level 5. HP: 46/46 MP: 4/4
  2361 | D:3      | Reached skill level 4 in Long Blades
  2361 | D:3      | Reached skill level 5 in Armour
  2601 | D:4      | Noticed a phantom
  2696 | D:4      | Killed a phantom
  2697 | D:4      | Reached skill level 5 in Long Blades
  2697 | D:4      | Reached XP level 6. HP: 28/53 MP: 5/5
  2872 | D:4      | Reached skill level 5 in Shields
  3005 | D:4      | Found a glowing golden altar of the Shining One.
  3016 | D:4      | Noticed Edmund
  3036 | D:4      | Killed Edmund
  3152 | D:4      | Found a snail-covered altar of Cheibriados.
  3218 | D:4      | Reached skill level 5 in Fighting
  3218 | D:4      | Reached XP level 7. HP: 22/61 MP: 6/6
  3224 | D:4      | Reached skill level 6 in Long Blades
  3640 | D:4      | Found a runed translucent gate.
  3640 | D:4      | Found a runed translucent gate.
  3641 | D:4      | Found a runed translucent gate.
  3659 | D:4      | Noticed lilalause's ghost (amateur SpMo)
  3674 | D:4      | Found a staircase to the Ecumenical Temple.
  3731 | Temple   | Entered the Ecumenical Temple
  3918 | D:4      | Found an ornate altar of the Wu Jian Council.
  4077 | D:3      | Bought a scroll labelled JEAPLEEHOSM for 31 gold pieces
  4077 | D:3      | Bought a scroll labelled UNUODGH SUADOAC for 31 gold pieces
  4110 | D:5      | Entered Level 5 of the Dungeon
  4380 | D:5      | Found a hide-covered altar of Uskayaw.
  4395 | D:5      | Reached skill level 7 in Long Blades
  4395 | D:5      | Reached XP level 8. HP: 69/69 MP: 7/7
  4964 | D:6      | Reached skill level 8 in Long Blades
  5013 | D:6      | Found an iron altar of Okawaru.
  5067 | D:6      | Became a worshipper of Warmaster Okawaru
  5665 | D:6      | Found a shimmering altar of Xom.
  5667 | D:6      | Found a shimmering altar of Xom.
  5669 | D:6      | Found a shimmering altar of Xom.
  5669 | D:6      | Found a shimmering altar of Xom.
  5670 | D:6      | Found a shimmering altar of Xom.
  6045 | D:7      | Found a stormy altar of Qazlal.
  6402 | D:7      | Reached XP level 9. HP: 72/78 MP: 8/8
  6871 | D:7      | Reached * piety under Okawaru
  7051 | D:7      | Reached skill level 9 in Long Blades
  7839 | D:1      | Bought a transparent kite shield for 199 gold pieces
  7839 | D:1      | Identified the +2 kite shield of Vyjarai {rC+ Int+4 Dex+2}
                  | (You bought it in a shop on level 1 of the Dungeon)
  8087 | D:8      | Found a staircase to the Lair.
  8467 | D:8      | Found a radiant altar of Vehumet.
  8583 | D:8      | Reached ** piety under Okawaru
  9069 | D:8      | Identified the +0 scale mail of Henotheism {rCorr Str-5
                  | Dex+2}
  9200 | D:8      | Reached XP level 10. HP: 78/88 MP: 9/9
  9776 | D:9      | Reached skill level 10 in Long Blades
  9993 | D:9      | Reached *** piety under Okawaru
 10083 | D:9      | Found Tefeeq's Book Shoppe.
 10096 | D:9      | Found Simoit's Magic Scroll Shop.
 10103 | D:9      | Found a shadowy altar of Dithmenos.
 10104 | D:9      | Bought a scroll of revelation for 97 gold pieces
 10173 | D:9      | Found Siakhuse's Jewellery Emporium.
 10210 | D:9      | Noticed a cyclops
 10210 | D:9      | Noticed a centaur warrior
 10212 | D:9      | Noticed a deep elf pyromancer
 10223 | D:9      | Noticed a tengu warrior
 10223 | D:9      | Noticed a centaur warrior
 10223 | D:9      | Noticed a centaur warrior
 10223 | D:9      | Identified the +4 short sword "Deufets" {pain, +Blink
                  | Int+3}
 10233 | D:9      | Noticed a boulder beetle
 10234 | D:9      | Noticed a gargoyle
 10628 | D:10     | Entered Level 10 of the Dungeon
 10628 | D:10     | Noticed an orc knight
 10633 | D:10     | Noticed a manticore
 10633 | D:10     | Noticed a brown ugly thing
 10653 | D:9      | Killed a brown ugly thing
 10714 | D:9      | HP: 4/90 [orc knight/+2 heavy great mace (24)]
 10715 | D:9      | Slain by a yak

Illustrated notes

Levels and vault maps discovered:
D:1:      minmay_arrival_solitary_statue, layout_loops_corners, serial_forest,
          infiniplex_forest_lined_2, infiniplex_forest_lined_2,
          infiniplex_forest_clump_long, infiniplex_forest_straight_2,
          infiniplex_forest_lined_ring, infiniplex_forest_clump_medium,
          infiniplex_forest_pool, serial_shops,
          nicolae_shop_tiny_real_fake_doors, shop, nicolae_shop_peninsula,
          nicolae_shop_just_a_little_nook, minmay_misc_feat_diagonals
D:2:      layout_basic, serial_shops, nicolae_shop_trees
D:3:      layout_loops_ring, shapermc_ecumenical_altar_mp_highgroup,
          serial_shops, shop, kennysheep_generic_room_9
D:4:      layout_rooms, mainiacjoe_overflow_boulevard, kennysheep_slug_shrine,
          nicolae_wu_jian_immortal_techniques,
          minmay_temple_entry_statues_fountains, ebering_ghost_rock_garden,
          uniq_edmund
D:5:      layout_basic, mainiacjoe_overflow_tiny_flanked
D:6:      layout_loops_corners, amcnicky_altar_gilded, xom_redecorated
D:7:      layout_basic, nicolae_qazlal_style_of_elements,
          minmay_misc_feat_enclosed
D:8:      layout_basic, lemuel_crystal_altar, erik_lair_orcish_takeover
D:9:      layout_rooms, overflow_temple_1_default, serial_shops,
          nicolae_shop_tiny_waterfront, shop, nicolae_square_shop, minivault_12
D:10:     cheibrodos_elevator_heist, layout_irregular_city,
          grunt_temple_overflow_growth_and_decay, zin_purify, david_orc_4,
          nicolae_trove_entry_crossroad, amcnicky_mini_pool_medium, uniq_fannar,
          uniq_erica, uniq_lodul
Temple:   hellmonk_temple_beads

Skill      XL: |  1  2  3  4  5  6  7  8  9 10 |
---------------+-------------------------------+-----
Armour         | 4 5 6 7 9 |  9.9
Shields        | 4 5 6 7 8 9 |  9.8
Dodging        | 1 2 3 4 |  4.0
Long Blades    | 3 5 7 8 9 10 | 10.4
Fighting       | 4 5 6 8 |  8.4
Stealth        | |  0.6

Action                     |  1- 3 |  4- 6 |  7- 9 | 10-12 || total
---------------------------+-------+-------+-------+-------++-------
  Melee: Long sword        |   115 |   112 |   478 |   117 ||   822
         Headbutt          |    20 |    28 |    98 |    25 ||   171
 Invoke: Heroism           |       |       |       |     2 ||     2
    Use: Potion            |     3 |       |       |       ||     3
         Scroll            |       |       |     4 |     2 ||     6
 Armour: Scale mail        |    93 |    42 |       |       ||   135
         Chain mail        |       |     5 |   316 |    70 ||   391
  Dodge: Dodged            |    52 |    33 |   126 |    24 ||   235
  Block: Buckler           |    42 |    70 |   155 |       ||   267
         Reflection        |       |     2 |    13 |     7 ||    22
         Kite shield       |       |       |   208 |   147 ||   355
